General information
- name: BNet
- type: Ladder team game (AT/RT)
- host: Battle.net
- saver: Blahsmack
map: SunrockCove
- players: 6
- length: 03:23
- speed: Fast
- version: 1.21 W3XP
- replay type: Public
» download(17 KB)
Players
team 1 (winner)
Tech.Nine. (
purple | 21 APM | 72 actions | 03:21)
1 Blademaster
1 Wind Walk
» actions
| Basic commands | 4 | |
| Build / train | 13 | |
| Enter build submenu | 4 | |
| Enter hero's abilities submenu | 1 | |
| Right click | 19 | |
| Select / deselect | 27 | |
| Use ability | 4 | |
72 total
» units
» buildings
| Altar of Storms | 1 | |
| Barracks | 1 | |
| Orc Burrow | 2 | |
4 total
» build order
00:09 Altar of Storms
00:12 Barracks
00:19 Orc Burrow
02:38 Orc Burrow
JcHiU (
red | 57 APM | 192 actions | 03:21)
1 Demon Hunter
1 Mana Burn
» actions
| Assign group hotkey | 5 | |
| Basic commands | 39 | |
| Build / train | 13 | |
| Enter build submenu | 4 | |
| Enter hero's abilities submenu | 1 | |
| Remove unit from queue | 1 | |
| Right click | 54 | |
| Select / deselect | 46 | |
| Select group hotkey | 23 | |
| Use ability | 6 | |
192 total
» units
» buildings
| Altar of Elders | 1 | |
| Moon Well | 2 | |
| Ancient of War | 1 | |
| Tree of Ages | 1 | |
5 total
» build order
00:08 Altar of Elders
00:18 Moon Well
00:32 Ancient of War
02:03 Moon Well
02:50 Tree of Ages
Blahsmack (
yellow | 69 APM | 233 actions | 03:23)
» actions
| Basic commands | 1 | |
| Build / train | 21 | |
| Enter build submenu | 9 | |
| Right click | 139 | |
| Select / deselect | 49 | |
| Use ability | 14 | |
233 total
» units
» buildings
| Lumber Mill | 1 | |
| Scout Tower | 6 | |
| Arcane Tower | 1 | |
| Guard Tower | 6 | |
14 total
» build order
00:27 Lumber Mill
00:53 Scout Tower
01:06 Scout Tower
01:11 Scout Tower
01:19 Scout Tower
01:22 Arcane Tower
01:41 Guard Tower
01:41 Guard Tower
01:41 Guard Tower
01:45 Guard Tower
01:45 Guard Tower
01:58 Guard Tower
03:12 Scout Tower
03:16 Scout Tower
team 2 (loser)
fukyou2 (
blue | 22 APM | 37 actions | 01:40)
» actions
| Basic commands | 6 | |
| Build / train | 8 | |
| Right click | 16 | |
| Select / deselect | 6 | |
| Use ability | 1 | |
37 total
» units

»
cOcACOla_2007 (
pink | 72 APM | 236 actions | 03:17)
» actions
| Build / train | 6 | |
| Enter build submenu | 8 | |
| Remove unit from queue | 3 | |
| Right click | 145 | |
| Select / deselect | 65 | |
| Use ability | 9 | |
236 total
» units
» buildings
| Ancient of War | 2 | |
| Moon Well | 2 | |
| Altar of Elders | 1 | |
| Scout Tower | 1 | |
6 total
» build order
00:15 Ancient of War
00:22 Moon Well
00:46 Altar of Elders
01:27 Moon Well
01:59 Scout Tower
02:05 Ancient of War

»
nub-dub (
green | 35 APM | 117 actions | 03:21)
1 Paladin
1 Holy Light
» actions
| Assign group hotkey | 8 | |
| Basic commands | 4 | |
| Build / train | 13 | |
| ESC pressed | 1 | |
| Enter build submenu | 11 | |
| Enter hero's abilities submenu | 1 | |
| Right click | 30 | |
| Select / deselect | 34 | |
| Select group hotkey | 4 | |
| Use ability | 11 | |
117 total
» units
» buildings
| Altar of Kings | 3 | |
| Farm | 5 | |
| Barracks | 3 | |
11 total
» build order
00:14 Altar of Kings
00:17 Altar of Kings
00:29 Farm
00:52 Barracks
01:11 Farm
01:49 Farm
02:02 Farm
02:03 Altar of Kings
02:06 Barracks
02:15 Farm
02:37 Barracks
Chat log
(01:00 / Allies) Blahsmack: p;ool me
(01:33 / Allies) Blahsmack: lumber
(01:34 / Allies) Blahsmack: now
(01:51 / All) Tech.Nine.: gg
(02:10 / All) Tech.Nine.: LOL
(02:15 / All) Tech.Nine.: hes rying to counter tower
(03:17 / All) Blahsmack: It has a killer refresh rate.and it also has a P6 chip. Triple the speed of the Pentium.